 Dungeon Crawl Stone Soup version 0.31.0-32-g396128a36d (webtiles) character file.

Game seed: 18231742867849635540

55 Silvore the Trooper (level 3, 0/34 HPs)
             Began as a Minotaur Fighter on Mar 30, 2024.
             Slain by a cerulean imp
             ... wielding a +1 spear
             ... summoned by Natasha
              (1 damage)
             ... on level 2 of the Dungeon.
             The game lasted 00:01:31 (1033 turns).

Silvore the Trooper (Minotaur Fighter)              Turns: 1033, Time: 00:01:32

Health: 0/34       AC:  7    Str: 22    XL:     3   Next: 67%
Magic:  2/2        EV:  9    Int:  5    God:
Gold:   45         SH:  5    Dex:  9    Spells: 2/2 levels left

rFire   . . .        a - +0 flail
rCold   . . .        c - +1 buckler
rNeg    . . .        b - +0 scale mail
rPois   .            (helmet restricted)
rElec   .            (no cloak)
rCorr   .            (no gloves)
SInv    .            (no boots)
Will    .....        (no amulet) Stlth
                     (no ring)
HPRegen 0.25/turn    (no ring)
MPRegen 0.08/turn

%: no passive effects
@: slowed, very slow
A: horns 2, retaliatory headbutt
a: no special abilities


You were on level 2 of the Dungeon.
You visited 1 branch of the dungeon, and saw 2 of its levels.

You collected 45 gold pieces.

Inventory:

Hand Weapons
 a - a +0 flail (weapon)
Missiles
 f - a throwing net (quivered)
Armour
 b - a +0 scale mail (worn)
 c - a +1 buckler (worn)
Scrolls
 h - a scroll of poison {unknown}
Potions
 d - 3 potions of might
 e - a potion of berserk rage {unknown}
 g - a potion of magic {unknown}
 i - a potion of lignification {unknown}
 j - 2 potions of curing {unknown}
 k - a potion of cancellation {unknown}


   Skills:
 + Level 4.3 Fighting
 + Level 3.0 Maces & Flails
 + Level 4.2 Armour
 + Level 0.1 Dodging
 + Level 0.7 Stealth
 + Level 4.0 Shields


You had 2 spell levels left.
You didn't know any spells.
Your spell library contained the following spells:

 Spells                   Type           Power      Damage    Failure   Level
 Brom's Barrelling Bould  Conj/Erth      0%         2d3       100%        4
 Fireball                 Conj/Fire      0%         3d3       100%        5
 Iskenderun's Battlesphe  Conj           0%         2d6       100%        5
 Conjure Ball Lightning   Conj/Air       0%         3x3d6     100%        6
 Orb of Destruction       Conj           0%         9d5       100%        7


Dungeon Overview and Level Annotations

Branches:
Dungeon (2/15)

Altars:

Annotations:
D:2 Natasha


Innate Abilities, Weirdness & Mutations

You have a pair of horns on your head.
You reflexively headbutt those who attack you in melee.


Message History

Natasha claws you.
The cerulean imp hits you with a +1 spear.
The cerulean imp barely misses you. The cerulean imp closely misses you.
You barely miss Natasha.
Natasha is heavily wounded.
Natasha claws you. The cerulean imp barely misses you.
The cerulean imp closely misses you. x2; You furiously retaliate!
You headbutt the cerulean imp.
Natasha stares at you and mumbles some strange words.
You resist with significant effort.
The cerulean imp hits you with a +1 spear.
* * * LOW HITPOINT WARNING * * *
The cerulean imp closely misses you.
You closely miss Natasha. Your headbutt misses Natasha.
Natasha is heavily wounded.
The cerulean imp hits you with a +2 spear.
* * * LOW HITPOINT WARNING * * *
Natasha casts a spell at you.
You feel yourself slow down. The cerulean imp closely misses you.
You furiously retaliate!
You headbutt the cerulean imp!
The cerulean imp hits you but does no damage.
The cerulean imp hits you but does no damage.
The cerulean imp attacks as it pursues you!
The cerulean imp closely misses you.
The cerulean imp hits you but does no damage. x2
You block Natasha's attack. You block the cerulean imp's attack.
The cerulean imp hits you from afar with a +1 spear.
* * * LOW HITPOINT WARNING * * *
The cerulean imp barely misses you. The cerulean imp closely misses you.
Natasha attacks as she pursues you! Natasha claws you.
* * * LOW HITPOINT WARNING * * *
Natasha closely misses you.
The cerulean imp hits you but does no damage.
You block the cerulean imp's attack.
There is a stone staircase leading down here.
Natasha claws you.
* * * LOW HITPOINT WARNING * * *
You block the cerulean imp's attack.
The cerulean imp hits you from afar with a +1 spear.
You die...

.........#
.........#
.........#
.........#
.........#
........5#
.......55#
.#######h#
.......@#
#######.# ....
#.# #........#
##.# #........#
##..#
........#####..##
###........#...##
...........#.###
###........#.#


You could see Natasha and 3 cerulean imps.

Vanquished Creatures
  2 adders (D:2)
  2 endoplasms (D:1)
  2 giant cockroaches (D:1)
  5 goblins
  5 hobgoblins (D:1)
  2 kobolds (D:1)
  A quokka (D:1)
  2 ball pythons (D:1)
  2 bats
  13 frilled lizards (D:1)
  4 rats (D:1)
40 creatures vanquished.

Notes
Turn   | Place    | Note
-------+----------+-------------------------------------------
     0 | D:1      | Silvore the Minotaur Fighter began the quest for the Orb.
     0 | D:1      | Reached XP level 1. HP: 19/19 MP: 0/0
   106 | D:1      | Reached XP level 2. HP: 24/27 MP: 1/1
   271 | D:1      | Found a faded altar of an unknown god.
   602 | D:1      | Reached XP level 3. HP: 31/33 MP: 2/2
  1017 | D:2      | Noticed Natasha
  1033 | D:2      | HP: 1/34 [Natasha (3)]
  1033 | D:2      | Slain by a cerulean imp

Illustrated notes

Levels and vault maps discovered:
D:1:      spicycebolla_green_bress_n_ham, layout_basic,
          chequers_ecumenical_altar_simple, minmay_lizard_king
D:2:      layout_basic, chequers_serial_rivers_micro_c, uniq_natasha

Skill      XL: |  1  2  3 |
---------------+----------+-----
Armour         | 4 |  4.2
Fighting       | 4 |  4.3
Shields        | 4 |  4.0
Maces & Flails | 3 |  3.0
Dodging        | |  0.1
Stealth        | |  0.7

Action                     || total
---------------------------++-------
  Melee: Flail             ||    96
         Headbutt          ||    10
    Use: Scroll            ||     2
 Armour: Scale mail        ||    93
  Dodge: Dodged            ||    65
  Block: Buckler           ||    29
